 Dungeon Crawl Stone Soup version 0.16-a0-4115-ga5ed934 (webtiles) character file.

456 abixa the Cudgeler (level 7, 50/66 HPs)
             Began as an Ogre Hunter on Feb 28, 2015.
             Quit the game on level 4 of the Dungeon on Mar 1, 2015.
             The game lasted 00:12:48 (4113 turns).

abixa the Cudgeler (Ogre Hunter)                    Turns: 4113, Time: 00:12:49

Health: 50/66      AC:  4    Str: 18    XL:     7   Next: 6%
Magic:  7/7        EV: 10    Int: 11    God:
Gold:   153        SH:  0    Dex: 11    Spells: 0 memorised, 6 levels left

rFire  . . .     SeeInvis .     e - +0 mace
rCold  + . .     Clarity  .     d - +0 animal skin
rNeg   . . .     SustAb   .     (shield restricted)
rPois  .         Gourm    .     (helmet restricted)
rElec  .         Spirit   .     A - +0 cloak
rCorr  .         Warding  .     (gloves unavailable)
rMut   .         Stasis   .     (boots unavailable)
MR     .....                    (no amulet)
Stlth  +.........               y - ring of protection from cold
                                (no ring)

@: not resistant to hostile enchantments, very unstealthy
A: unfitting armour, tough skin 1
a: no special abilities


You were on level 4 of the Dungeon.
You were not hungry.

You visited 1 branch of the dungeon, and saw 4 of its levels.

You collected 153 gold pieces.

Inventory:

Hand weapons
 b - a +0 giant spiked club
 e - a +0 mace (weapon)
 F - a +0 giant spiked club
 I - a +0 hunting sling
Missiles
 c - 2 throwing nets
 i - 150 stones
 o - 19 arrows
 r - 9 poisoned needles
 H - 4 large rocks (quivered)
Armour
 d - a +0 animal skin (worn)
 A - a +0 cloak (worn)
Jewellery
 q - an uncursed ring of fire
 y - a ring of protection from cold (right hand)
Magical devices
 w - a wand of cold (8)
Scrolls
 g - 2 scrolls of remove curse {unknown}
 j - 3 scrolls of amnesia {unknown}
 k - a scroll of enchant weapon {unknown}
 l - 2 scrolls of teleportation {unknown}
 m - a scroll of random uselessness {unknown}
 n - a scroll of magic mapping {unknown}
 p - 2 scrolls of fear {unknown}
 v - a scroll of immolation {unknown}
 x - 3 scrolls of identify {unknown}
 z - a scroll of enchant armour {unknown}
Potions
 a - 2 potions of brilliance {unknown}
 h - a potion of lignification {unknown}
 s - a potion of curing {unknown}
 t - a potion of resistance {unknown}
 u - a potion of magic {unknown}
 B - a potion of berserk rage {unknown}
 D - 2 potions of haste {unknown}
 E - a potion of poison {unknown}
Comestibles
 f - a meat ration
 C - a bread ration
 G - a slice of pizza
 J - 2 chunks of flesh


   Skills:
 - Level 2.6 Fighting
 + Level 7.0 Maces & Flails
 + Level 6.6 Throwing
 - Level 1.7 Dodging
 - Level 0.7 Stealth


You had 6 spell levels left.
You didn't know any spells.

Dungeon Overview and Level Annotations

Branches:
Dungeon (4/15)
 Temple: D:4-7

Altars:
Dithmenos
Fedhas


Innate Abilities, Weirdness & Mutations

You are too large for most types of armour.
You have tough skin (AC +1).


Message History

You hear the quick rusting of a drain nearby.
Things that are here:
a dagger; a robe; an orc corpse You start resting.
You are feeling hungry.
You butcher the orc corpse.
J - 3 chunks of flesh
Things that are here:
a dagger; a robe; an orc skeleton You start resting.
Eating one of 3 chunks of flesh.
This raw flesh tastes terrible.
You continue eating. x2
You hear the rapid rusting of a drain nearby.
You start resting.
You hear the rapid rusting of a drain nearby.
You start resting.
You hear the rapid rusting of a drain nearby.
You start resting.
You hear the drain falling apart.
Are you sure you want to abandon this character and quit the game? (Confirm with "yes".)

# .## .(## #..# #..#
#..# #%.# #..# #@[#
################..#
##................##
...)...>....†...###
...............##
.[..####.......#
÷..## #####...# ..##
###..# ..# ##..#


There were no monsters in sight!

Vanquished Creatures
  2 ogres (D:4)
  A giant frog (D:3)
  A centaur skeleton (D:4)
  An orc priest (D:4)
  3 orc wizards
  2 adders
  A worm (D:2)
  2 oozes
  5 orcs
  6 bats
  9 goblins
  9 hobgoblins
  11 kobolds
  A quokka (D:3)
  3 ball pythons
  2 giant newts
  5 rats
64 creatures vanquished.

Notes
Turn   | Place    | Note
--------------------------------------------------------------
     0 | D:1      | abixa, the Ogre Hunter, began the quest for the Orb.
     0 | D:1      | Reached XP level 1. HP: 22/22 MP: 1/1
   239 | D:1      | Reached skill level 1 in Maces & Flails
   486 | D:1      | Upgraded the game from 0.16-a0-4113-g7d8e295 to 0.16-a0-4115-ga5ed934
   498 | D:1      | Reached XP level 2. HP: 27/29 MP: 2/2
  1244 | D:1      | Reached XP level 3. HP: 29/36 MP: 3/3
  1686 | D:2      | Found a blossoming altar of Fedhas.
  2016 | D:3      | Noticed a giant frog
  2021 | D:3      | Killed a giant frog
  2021 | D:3      | Reached skill level 5 in Throwing
  2021 | D:3      | Reached XP level 4. HP: 36/44 MP: 4/4
  2569 | D:3      | Reached XP level 5. HP: 36/50 MP: 5/5
  2741 | D:3      | Reached skill level 5 in Maces & Flails
  3523 | D:4      | Noticed an ogre
  3527 | D:4      | Killed an ogre
  3527 | D:4      | Reached skill level 6 in Maces & Flails
  3527 | D:4      | Reached XP level 6. HP: 59/59 MP: 6/6
  3754 | D:4      | Noticed an ogre
  3802 | D:4      | Killed an ogre
  3836 | D:4      | Found a shadowy altar of Dithmenos.
  3955 | D:4      | Reached skill level 7 in Maces & Flails
  3955 | D:4      | Reached XP level 7. HP: 17/66 MP: 7/7
  4113 | D:4      | Quit the game

Action                   |  1- 3 |  4- 6 |  7- 9 || total
-------------------------+-------+-------+-------++-------
Melee: Club              |    90 |       |       ||    90
       Short sword       |     5 |       |       ||     5
       Mace              |       |    71 |       ||    71
Throw: Stone             |    76 |    82 |       ||   158
       Large rock        |     5 |    12 |       ||    17
  Eat: Chunk             |     3 |     6 |     1 ||    10
